WLB
BOSTON RED SOX @ ATLANTA BRAVES
06/04/2024
 
TOP OF THE 1ST
Boston Red Sox batting - Pitching for Atlanta Braves : RHP Shane Bieber
Pitching: RHP Shane Bieber
Batting: RHB Ronald Acuna Jr. 0-0: Ball
1-0: Ball
2-0: Ball
3-0: Base on Balls
Batting: RHB Julio Rodriguez 0-0: Ball
Ronald Acuna Jr. steals 2nd base
1-0: SINGLE (Groundball, 4MD, EV 101.9 MPH)
Ronald Acuna Jr. to third
Runner from 3rd tries for Home, SAFE, throw by CF to home
Batting: RHB Bobby Witt Jr. 0-0: Ball
1-0: Called Strike
1-1: Ball
2-1: SINGLE (Line Drive, 6M, EV 106.3 MPH)
Julio Rodriguez to second
Batting: LHB Nolan Gorman 0-0: Ball
1-0: Ball
2-0: Ball
3-0: Base on Balls
Julio Rodriguez to third
Bobby Witt Jr. to second
Batting: RHB Christian Walker 0-0: Called Strike
0-1: Called Strike
0-2: Strikes out swinging
Batting: SHB Ketel Marte 0-0: Called Strike
0-1: SINGLE (Line Drive, 89S, EV 90.6 MPH)
Julio Rodriguez scores
Bobby Witt Jr. to third
Nolan Gorman to second
Runner from 3rd tries for Home, SAFE, throw by CF to home
Batting: RHB J.T. Realmuto 0-0: Ball
1-0: Foul Ball, location: 2F
1-1: Grounds into double play, 5-4-3 (Groundball, 56, EV 88.1 MPH)
Top of the 1st over - 3 runs, 3 hits, 0 errors, 1 left on base; Boston 3 - Atlanta 0
BOTTOM OF THE 1ST
Atlanta Braves batting - Pitching for Boston Red Sox : RHP Kyle Bradish
Pitching: RHP Kyle Bradish
Batting: LHB Kyle Tucker 0-0: Ball
1-0: Called Strike
1-1: Foul Ball, location: 9LSF
1-2: Fly out, F5 (Popup, 5F, EV 68.8 MPH)
Batting: LHB Luis Arraez 0-0: Called Strike
0-1: Ball
1-1: Ball
2-1: SINGLE (Line Drive, 8LS, EV 86.9 MPH)
Batting: LHB Freddie Freeman 0-0: Fly out, F9 (Flyball, 9LMF, EV 84.4 MPH)
Batting: RHB Austin Riley 0-0: Called Strike
0-1: Ball
1-1: Swinging Strike
1-2: Ball
2-2: Foul Ball, location: 9LSF
2-2: Foul Ball, location: 5FF
2-2: Foul Ball, location: 5F
2-2: DOUBLE (Flyball, 7LD, EV 96.3 MPH)
Luis Arraez to third
Batting: SHB Jose Ramirez 0-0: Ball
1-0: Ball
2-0: Foul Ball, location: 7LSF
2-1: Ball
3-1: SINGLE (Groundball, 6MD, EV 93.8 MPH)
Luis Arraez scores
Austin Riley to third
Runner from 3rd tries for Home, SAFE, throw by CF to home
Jose Ramirez to second
Batting: LHB Jazz Chisholm Jr. 0-0: Ball
1-0: Fly out, F8 (Flyball, 8RD, EV 110.6 MPH)
Bottom of the 1st over - 2 runs, 3 hits, 0 errors, 1 left on base; Boston 3 - Atlanta 2
TOP OF THE 2ND
Boston Red Sox batting - Pitching for Atlanta Braves : RHP Shane Bieber
Batting: RHB Adolis Garcia 0-0: Called Strike
0-1: Ball
1-1: Foul Ball, location: 9LDF
1-2: Strikes out swinging
Batting: LHB Evan Carter 0-0: Called Strike
0-1: Ball
1-1: Called Strike
1-2: Strikes out swinging
Batting: RHB Ronald Acuna Jr. 0-0: Called Strike
0-1: Foul Ball, location: 3FF
0-2: Ball
1-2: Ball
2-2: Ball
3-2: Base on Balls
Batting: RHB Julio Rodriguez 0-0: Called Strike
0-1: Ball
1-1: Foul Ball, location: 2RF
1-2: SINGLE (Groundball, 56S, EV 73.8 MPH) (infield hit)
Ronald Acuna Jr. to second
Batting: RHB Bobby Witt Jr. 0-0: Ball
1-0: Swinging Strike
1-1: Called Strike
1-2: Ball
2-2: Ball
3-2: Ground out 4-3 (Groundball, 4, EV 84.4 MPH)
Top of the 2nd over - 0 runs, 1 hit, 0 errors, 2 left on base; Boston 3 - Atlanta 2
BOTTOM OF THE 2ND
Atlanta Braves batting - Pitching for Boston Red Sox : RHP Kyle Bradish
Batting: LHB Omar Narvaez 0-0: Ball
1-0: Called Strike
1-1: Ball
2-1: Foul Ball, location: 2F
2-2: Fly out, F9 (Flyball, 9, EV 96.3 MPH)
Batting: RHB David Fletcher 0-0: Swinging Strike
0-1: Ball
1-1: Ball
2-1: Foul Ball, location: 2F
2-2: Ball
3-2: Base on Balls
Batting: LHB Marcelo Mayer 0-0: DOUBLE (Line Drive, 78D, EV 109.4 MPH)
David Fletcher to third
Runner from 3rd tries for Home, SAFE, no throw by CF
Batting: LHB Kyle Tucker 0-0: Ball
1-0: Ball
2-0: Ball
3-0: Foul Ball, location: 3FF
3-1: Called Strike
3-2: DOUBLE (Line Drive, 7LD, EV 108.1 MPH)
Marcelo Mayer scores
Batting: LHB Luis Arraez 0-0: Ball
1-0: Fly out, F7 (Flyball, 7D, EV 107.5 MPH)
Runner from 2nd tags up, SAFE at 3rd, no throw by LF
Batting: LHB Freddie Freeman 0-0: Foul Ball, location: 7LDF
0-1: Called Strike
0-2: Ball
1-2: Strikes out swinging
Bottom of the 2nd over - 2 runs, 2 hits, 0 errors, 1 left on base; Boston 3 - Atlanta 4
TOP OF THE 3RD
Boston Red Sox batting - Pitching for Atlanta Braves : RHP Shane Bieber
Batting: LHB Nolan Gorman 0-0: Ground out 1-3 (Groundball, 13S, EV 67.5 MPH)
Batting: RHB Christian Walker 0-0: Ball
1-0: Foul Ball, location: 2F
1-1: Foul Ball, location: 5FF
1-2: SINGLE (Groundball, 6MS, EV 70.6 MPH) (infield hit)
Batting: SHB Ketel Marte 0-0: Foul Ball, location: 2F
0-1: Ball
1-1: Ball
2-1: Ball
3-1: Grounds out, U3 (Groundball, 3L, EV 87.5 MPH)
Batting: RHB J.T. Realmuto 0-0: Ball
1-0: Foul Ball, location: 3SF
1-1: Swinging Strike
1-2: Strikes out swinging
Top of the 3rd over - 0 runs, 1 hit, 0 errors, 1 left on base; Boston 3 - Atlanta 4
BOTTOM OF THE 3RD
Atlanta Braves batting - Pitching for Boston Red Sox : RHP Kyle Bradish
Batting: RHB Austin Riley 0-0: Ground out 6-3 (Groundball, 6, EV 88.8 MPH)
Batting: SHB Jose Ramirez 0-0: Called Strike
0-1: Fly out, F9 (Line Drive, 89M, EV 92.5 MPH)
Batting: LHB Jazz Chisholm Jr. 0-0: Called Strike
0-1: Ball
1-1: Ball
2-1: SINGLE (Groundball, P, EV 90.0 MPH) (infield hit)
Batting: LHB Omar Narvaez 0-0: Called Strike
0-1: Called Strike
0-2: Ground out 5-3 (Groundball, 5, EV 67.5 MPH)
Bottom of the 3rd over - 0 runs, 1 hit, 0 errors, 1 left on base; Boston 3 - Atlanta 4
TOP OF THE 4TH
Boston Red Sox batting - Pitching for Atlanta Braves : RHP Shane Bieber
Batting: RHB Adolis Garcia 0-0: Foul Ball, location: 5FF
0-1: Called Strike
0-2: Ball
1-2: Foul Ball, location: 9LMF
1-2: Strikes out swinging
Batting: LHB Evan Carter 0-0: Called Strike
0-1: Called Strike
0-2: Strikes out swinging
Batting: RHB Ronald Acuna Jr. 0-0: Called Strike
0-1: Ground out U3 (Groundball, 13, EV 82.5 MPH)
Top of the 4th over - 0 runs, 0 hits, 0 errors, 0 left on base; Boston 3 - Atlanta 4
BOTTOM OF THE 4TH
Atlanta Braves batting - Pitching for Boston Red Sox : RHP Kyle Bradish
Batting: RHB David Fletcher 0-0: Ground out U3 (Groundball, 34, EV 110.0 MPH)
Batting: LHB Marcelo Mayer 0-0: Ball
1-0: Foul Ball, location: 2F
1-1: Ground out 4-3 (Groundball, 4S, EV 88.8 MPH)
Batting: LHB Kyle Tucker 0-0: Ball
1-0: Foul Ball, location: 2F
1-1: Ball
2-1: SINGLE (Groundball, 34D, EV 98.8 MPH)
Batting: LHB Luis Arraez 0-0: Called Strike
0-1: Foul Ball, location: 5FF
0-2: Ball
1-2: Ball
2-2: SINGLE (Line Drive, 56, EV 106.3 MPH)
Kyle Tucker to second
Batting: LHB Freddie Freeman 0-0: Fielders Choice at 2nd, U4 (Groundball, 4M, EV 86.3 MPH)
Bottom of the 4th over - 0 runs, 2 hits, 0 errors, 2 left on base; Boston 3 - Atlanta 4
TOP OF THE 5TH
Boston Red Sox batting - Pitching for Atlanta Braves : RHP Shane Bieber
Batting: RHB Julio Rodriguez 0-0: Ball
1-0: Called Strike
1-1: SINGLE (Groundball, 6MD, EV 94.4 MPH)
Batting: RHB Bobby Witt Jr. 0-0: Foul Ball, location: 9LMF
0-1: Called Strike
0-2: Strikes out swinging
Batting: LHB Nolan Gorman 0-0: Ball
1-0: Called Strike
1-1: Called Strike
1-2: Foul Ball, location: 2F
1-2: Foul Ball, location: 2F
1-2: Ball
2-2: Foul Ball, location: 2F
2-2: Foul Ball, location: 5F
2-2: Fly out, F7 (Flyball, 78M, EV 86.9 MPH)
Batting: RHB Christian Walker 0-0: Ball
1-0: Ball
Julio Rodriguez steals 2nd base
2-0: Called Strike
2-1: Foul Ball, location: 7LSF
2-2: Ground out 6-3 (Groundball, 6, EV 100.0 MPH)
Top of the 5th over - 0 runs, 1 hit, 0 errors, 1 left on base; Boston 3 - Atlanta 4
BOTTOM OF THE 5TH
Atlanta Braves batting - Pitching for Boston Red Sox : RHP Kyle Bradish
Batting: RHB Austin Riley 0-0: Ball
1-0: Foul Ball, location: 2F
1-1: Ball
2-1: Foul Ball, location: 23FF
2-2: Ball
3-2: Foul Ball, location: 5F
3-2: Strikes out swinging
Batting: SHB Jose Ramirez 0-0: Ground out 4-3 (Groundball, 4, EV 104.4 MPH)
Batting: LHB Jazz Chisholm Jr. 0-0: Ball
1-0: Called Strike
1-1: Ball
2-1: Called Strike
2-2: Strikes out swinging
Bottom of the 5th over - 0 runs, 0 hits, 0 errors, 0 left on base; Boston 3 - Atlanta 4
TOP OF THE 6TH
Boston Red Sox batting - Pitching for Atlanta Braves : RHP Shane Bieber
Batting: SHB Ketel Marte 0-0: Ball
1-0: Called Strike
1-1: Foul Ball, location: 3DF
1-2: DOUBLE (Groundball, 3L, EV 104.4 MPH)
Batting: RHB J.T. Realmuto 0-0: Ball
1-0: Ball
2-0: 2-RUN HOME RUN (Flyball, 78XD, EV 107.5 MPH), Distance : 411 ft
Pitching: RHP Trevor Brigden
Batting: RHB Adolis Garcia 0-0: Ball
1-0: Ball
2-0: Ball
3-0: SOLO HOME RUN (Flyball, 7D, EV 101.3 MPH), Distance : 402 ft
Batting: LHB Evan Carter 0-0: Ball
1-0: Foul Ball, location: 3F
1-1: Fly out, F6 (Popup, 6M, EV 58.1 MPH)
Batting: RHB Ronald Acuna Jr. 0-0: Ball
1-0: Called Strike
1-1: Foul Ball, location: 25F
1-2: Fly out, F8 (Line Drive, 8LD, EV 108.8 MPH)
Batting: RHB Julio Rodriguez 0-0: Ball
1-0: SINGLE (Line Drive, 9LS, EV 105.0 MPH)
Batting: RHB Bobby Witt Jr. 0-0: Called Strike
0-1: Foul Ball, location: 23FF
0-2: Ball
1-2: Fly out, F8 (Flyball, 8LD, EV 86.9 MPH)
Top of the 6th over - 3 runs, 4 hits, 0 errors, 1 left on base; Boston 6 - Atlanta 4
BOTTOM OF THE 6TH
Atlanta Braves batting - Pitching for Boston Red Sox : RHP Kyle Bradish
Batting: LHB Omar Narvaez 0-0: Called Strike
0-1: SINGLE (Groundball, 6M, EV 105.0 MPH)
Batting: RHB David Fletcher 0-0: Ball
1-0: Ball
2-0: Bunted foul
2-1: Called Strike
2-2: Fly out, F8 (Line Drive, 8RD, EV 108.1 MPH)
Batting: LHB Marcelo Mayer 0-0: Called Strike
0-1: Ball
1-1: Ball
Wild Pitch!
Omar Narvaez to second
2-1: Ball
3-1: Base on Balls
Pitching: RHP Evan Phillips
Batting: LHB Kyle Tucker 0-0: Called Strike
0-1: Ball
1-1: Foul Ball, location: 7LSF
1-2: Foul Ball, location: 2F
1-2: Foul Ball, location: 3F
1-2: Ball
2-2: Strikes out looking
Batting: LHB Luis Arraez 0-0: Called Strike
0-1: Called Strike
0-2: Fly out, F5 (Popup, 5SF, EV 63.1 MPH)
Bottom of the 6th over - 0 runs, 1 hit, 0 errors, 2 left on base; Boston 6 - Atlanta 4
TOP OF THE 7TH
Boston Red Sox batting - Pitching for Atlanta Braves : RHP Trevor Brigden
Pitching: LHP Chris Sale
Pinch Hitting: RHB Andrew McCutchen 0-0: Fly out, F9 (Flyball, 9LSF, EV 91.9 MPH)
Batting: RHB Christian Walker 0-0: Ground out 5-3 (Groundball, 5, EV 80.6 MPH)
Batting: SHB Ketel Marte 0-0: Called Strike
0-1: Ball
1-1: Ball
2-1: Foul Ball, location: 2RF
2-2: Ball
3-2: SINGLE (Groundball, 4D, EV 102.5 MPH)
Pitching: RHP Hunter Wood
Batting: RHB J.T. Realmuto 0-0: Foul Ball, location: 2F
0-1: Fly out, F4 (Popup, 4MD, EV 47.5 MPH)
Top of the 7th over - 0 runs, 1 hit, 0 errors, 1 left on base; Boston 6 - Atlanta 4
BOTTOM OF THE 7TH
Atlanta Braves batting - Pitching for Boston Red Sox : RHP Evan Phillips
Now at 3B: Ceddanne Rafaela
Batting: LHB Freddie Freeman 0-0: Foul Ball, location: 7LDF
0-1: Ball
1-1: Ball
2-1: Swinging Strike
2-2: Strikes out looking
Batting: RHB Austin Riley 0-0: Called Strike
0-1: Foul Ball, location: 9LDF
0-2: Ball
1-2: Ball
2-2: Ball
3-2: Foul Ball, location: 3SF
3-2: Base on Balls
Batting: SHB Jose Ramirez 0-0: Called Strike
0-1: Ball
Wild Pitch!
Austin Riley to second
1-1: Ball
2-1: Foul Ball, location: 5F
2-2: Ball
3-2: Foul Ball, location: 2F
3-2: Base on Balls
Pitching: RHP Jhoan Duran
Batting: LHB Jazz Chisholm Jr. 0-0: 3-RUN HOME RUN (Line Drive, 89XD, EV 107.5 MPH), Distance : 406 ft
Batting: LHB Omar Narvaez 0-0: Swinging Strike
0-1: Ball
1-1: Ball
2-1: Called Strike
2-2: Strikes out swinging
Batting: RHB David Fletcher 0-0: Called Strike
0-1: Ground out U3 (Groundball, 3, EV 110.0 MPH)
Bottom of the 7th over - 3 runs, 1 hit, 0 errors, 0 left on base; Boston 6 - Atlanta 7
TOP OF THE 8TH
Boston Red Sox batting - Pitching for Atlanta Braves : RHP Hunter Wood
Batting: RHB Adolis Garcia 0-0: Called Strike
0-1: Ball
1-1: Swinging Strike
1-2: Foul Ball, location: 2F
1-2: Ball
2-2: Foul Ball, location: 2F
2-2: Strikes out swinging
Batting: LHB Evan Carter 0-0: Ball
1-0: Ball
2-0: Ground out 6-3 (Groundball, 6, EV 85.0 MPH)
Batting: RHB Ronald Acuna Jr. 0-0: Ground out 6-3 (Groundball, 6, EV 107.5 MPH)
Top of the 8th over - 0 runs, 0 hits, 0 errors, 0 left on base; Boston 6 - Atlanta 7
BOTTOM OF THE 8TH
Atlanta Braves batting - Pitching for Boston Red Sox : RHP Jhoan Duran
Batting: LHB Marcelo Mayer 0-0: Called Strike
0-1: Ball
1-1: Swinging Strike
1-2: Strikes out swinging
Batting: LHB Kyle Tucker 0-0: Ball
1-0: Foul Ball, location: 2F
1-1: Foul Ball, location: 2F
1-2: Ball
2-2: Foul Ball, location: 25FF
2-2: Ball
3-2: Foul Ball, location: 7LSF
3-2: Base on Balls
Batting: LHB Luis Arraez 0-0: Called Strike
Kyle Tucker steals 2nd base
0-1: Called Strike
0-2: Hit by Pitch
Batting: LHB Freddie Freeman 0-0: Ball
1-0: Fly out, F8 (Flyball, 89M, EV 95.6 MPH)
Batting: RHB Austin Riley 0-0: Ground out 6-3 (Groundball, 6M, EV 65.6 MPH)
Bottom of the 8th over - 0 runs, 0 hits, 0 errors, 2 left on base; Boston 6 - Atlanta 7
TOP OF THE 9TH
Boston Red Sox batting - Pitching for Atlanta Braves : RHP Hunter Wood
Pitching: LHP Mason Montgomery
Now in LF: Jarren Duran
Now in CF: Mauricio Dubon
Batting: RHB Julio Rodriguez 0-0: Foul Ball, location: 2F
0-1: Called Strike
0-2: Ball
1-2: Strikes out swinging
Batting: RHB Bobby Witt Jr. 0-0: Called Strike
0-1: Ball
1-1: Ball
2-1: Ball
3-1: Base on Balls
Batting: RHB Ceddanne Rafaela 0-0: Swinging Strike
0-1: Foul Ball, location: 7LMF
0-2: Ball
1-2: Ball
2-2: Foul Ball, location: 3F
2-2: Fly out, F7 (Line Drive, 7S, EV 110.0 MPH)
Batting: RHB Christian Walker 0-0: Ball
1-0: Ball
2-0: Fly out, F9 (Flyball, 9, EV 92.5 MPH)
Top of the 9th over - 0 runs, 0 hits, 0 errors, 1 left on base; Boston 6 - Atlanta 7
Friday, April 19th , 2024 - OOTP Baseball 24.11 Build 85